 Dungeon Crawl Stone Soup version 0.28-a0-779-g3d1f99b579 (webtiles) character file.

Game seed: 10434883007199186804

169 kae the Chopper (level 5, -2/47 HPs)
             Began as a Hill Orc Cinder Acolyte on Nov 2, 2021.
             Was a High Priest of Ignis.
             Succumbed to a killer bee's poison
             ... on level 4 of the Dungeon.
             The game lasted 00:02:04 (3066 turns).

kae the Chopper (Hill Orc Cinder Acolyte)           Turns: 3066, Time: 00:02:05

Health: -2/47      AC:  4    Str: 18    XL:     5   Next: 50%
Magic:  1/7        EV: 11    Int: 14    God:    Ignis [*****.]
Gold:   81         SH:  0    Dex:  6    Spells: 5/7 levels left

rFire   + + .      SeeInvis .   a - +0 hand axe (flame)
rCold   + . .      Faith    .   (no shield)
rNeg    . . .      Spirit   .   b - +0 robe
rPois   +          Reflect  .   (no helmet)
rElec   +          Harm     .   (no cloak)
rCorr   +          Rampage  +   (no gloves)
Will    .....                   c - +1 pair of boots {rampage}
Stlth   +.........              (no amulet)
HPRegen 0.15/turn               (no ring)
MPRegen 0.10/turn               (no ring)

@: lethally poisoned (-2 -> -22), resistant
A: no striking features
a: Renounce Religion, Sea of Fire, Foxfire Swarm, Rising Flame


You were on level 4 of the Dungeon.
You worshipped Ignis.
Ignis was extremely pleased with you.
You visited 1 branch of the dungeon, and saw 4 of its levels.

You collected 81 gold pieces.

Inventory:

Hand Weapons
 a - a +0 hand axe of flaming (weapon)
Missiles
 k - 3 throwing nets (quivered)
Armour
 b - a +0 robe (worn)
 c - a +1 pair of boots of rampaging (worn)
Scrolls
 g - 2 scrolls of identify {unknown}
 h - a scroll of amnesia {unknown}
 i - a scroll of fog
Potions
 e - 2 potions of flight {unknown}
 f - 2 potions of mutation {unknown}
 j - a potion of heal wounds {unknown}
 l - a potion of curing {unknown}


   Skills:
 + Level 4.5 Fighting
 * Level 5.9 Axes
 + Level 1.9 Spellcasting
 + Level 4.1 Fire Magic


You had 5 spell levels left.
You knew the following spells:

 Your Spells              Type           Power      Damage    Failure   Level
a - Scorch                Fire           26%        2d6       7%          2

Your spell library contained the following spells:

 Spells                   Type           Power      Damage    Failure   Level
 Slow                     Hex            4%         N/A       24%         1
 Confusing Touch          Hex            1%         N/A       58%         3
 Summon Guardian Golem    Hex/Summ       1%         N/A       58%         3
 Cause Fear               Hex            0%         N/A       94%         4
 Yara's Violent Unravell  Hex/Tmut       0%         3d3       100%        5
 Dragon Form              Tmut           0%         N/A       100%        7
 Orb of Destruction       Conj           0%         N/A       100%        7
 Spellforged Servitor     Conj/Summ      0%         N/A       100%        7
 Dragon's Call            Summ           0%         N/A       100%        9


Dungeon Overview and Level Annotations

Branches:
Dungeon (4/15)
 Temple: D:4-7

Altars:


Message History

Casting: Scorch (safe; 7% risk of failure)
Confirm with . or Enter, or press ? or * to list all spells.
Flames lash the worm.
The worm is moderately wounded.
The worm's fire resistance burns away.
You hear an angry buzzing noise. x2
A killer bee comes into view.
The killer bee stings you!
You are poisoned.
The killer bee poisons you! The hobgoblin barely misses you.
You feel sick. The killer bee stings you.
You are more poisoned.
The killer bee poisons you! The killer bee barely misses you.
The hobgoblin closely misses you.
There are monsters nearby!
Casting: Scorch (safe; 7% risk of failure)
Confirm with . or Enter, or press ? or * to list all spells.
Flames lash the killer bee.
The killer bee is heavily wounded.
The killer bee's fire resistance burns away.
You feel very sick. The killer bee stings you.
You are more poisoned.
The killer bee poisons you! The killer bee closely misses you.
The killer bee stings you! x2
* * * LOW HITPOINT WARNING * * *
You are more poisoned.
The killer bee poisons you! The hobgoblin closely misses you.
* * * LOW HITPOINT WARNING * * *
You feel very sick.
The killer bee stings you but does no damage.
The killer bee closely misses you. The killer bee barely misses you.
The worm bites you.
* * * LOW HITPOINT WARNING * * *
The hobgoblin closely misses you.
A hobgoblin comes into view.
Okay, then.
It was a potion of resistance.
You feel protected.
You die...

....###.............#
##..................#
########............#
# ##.....####### #
..............# #
###....(......# # #
#.#.##......#..#
#.#.##.##.!...# # #.
#.#@y.#### #.


#.wgyy# ###yy..# ..##.# ...# ... ...# ##.. ....# g.# ....# .# You could see a
worm (combustible), 5 killer bees and 2 hobgoblins.

Vanquished Creatures
  Natasha (thrice) (D:3)
  An adder (D:3)
  A river rat (D:3)
  2 worms
  3 dart slugs
  9 orcs (D:3)
  An endoplasm (D:2)
  3 giant cockroaches
  6 goblins
  7 hobgoblins
  2 quokkas
  6 ball pythons
  3 bats
  A frilled lizard (D:2)
  3 kobolds
  6 rats
57 creatures vanquished.

Notes
Turn   | Place    | Note
-------+----------+-------------------------------------------
     0 | D:1      | kae the Hill Orc Cinder Acolyte began the quest for the
                  | Orb.
     0 | D:1      | Reached XP level 1. HP: 19/19 MP: 2/2
    57 | D:1      | Found a faded altar of an unknown god.
   127 | D:1      | Reached XP level 2. HP: 23/27 MP: 3/3
   130 | D:1      | Learned a level 2 spell: Scorch
   817 | D:2      | Reached XP level 3. HP: 33/33 MP: 1/4
  1808 | D:3      | Noticed Natasha
  1813 | D:3      | Killed Natasha
  1814 | D:3      | Reached skill level 5 in Axes
  1814 | D:3      | Reached XP level 4. HP: 31/40 MP: 1/6
  1961 | D:3      | Noticed Natasha
  1965 | D:3      | Killed Natasha
  2172 | D:3      | Identified a scroll of acquirement
  2172 | D:3      | Acquired a +0 pair of boots of rampaging
  2200 | D:3      | Reached XP level 5. HP: 31/47 MP: 0/7
  2231 | D:3      | Noticed Natasha
  2425 | D:3      | Killed Natasha
  3066 | D:4      | Succumbed to a killer bee's poison

Illustrated notes

Levels and vault maps discovered:
D:1:      scummos_arrival_forest, layout_rooms, chequers_ecumenical_altar_island
D:2:      layout_loops_cross, corexii_leaking_fountain
D:3:      layout_rooms, portal_sewer_entry_b, uniq_natasha
D:4:      layout_rooms

Skill      XL: |  1  2  3  4 |
---------------+-------------+-----
Fighting       | 4 |  4.5
Axes           | 5 |  5.9
Fire Magic     | 4 |  4.1
Spellcasting   | |  1.9

Action                   |  1- 3 |  4- 6 || total
-------------------------+-------+-------++-------
Melee: Hand axe          |    40 |    33 ||    73
 Cast: Scorch            |    20 |    26 ||    46
  Use: Scroll            |     1 |     5 ||     6
       Potion            |       |     1 ||     1
Armor: Robe              |     6 |     7 ||    13
Dodge: Dodged            |    30 |    39 ||    69

Table legend: (Time is in decaauts)
 A = Elapsed time spent in this place.
 B = Non-inter-level travel time spent in this place.
 C = Inter-level travel time spent in this place.
 D = Time resting spent in this place.
 E = Time spent auto-exploring this place.
 F = Levels seen in this place.
 G = Mean time per level.
                   A        B        C        D        E       F      G
               +--------+--------+--------+--------+--------+-----+--------+
         Total |   3089 |   3038 |     51 |      0 |   2639 |   4 |  772.2 |
       Dungeon |   3089 |   3038 |     51 |      0 |   2639 |   4 |  772.2 |
               +--------+--------+--------+--------+--------+-----+--------+

Top non-repeatable levels by time:
     D:3: 1386 daAuts
     D:1: 823 daAuts
     D:2: 792 daAuts
     D:4: 86 daAuts
